 Dungeon Crawl Stone Soup version 0.19-a0-790-ge39e1af (webtiles) character file.

28 tyrsky the Ruffian (level 3, -8/31 HPs)
             Began as a Naga Transmuter on June 26, 2016.
             Killed by divine providence
             ... invoked by an orc priest
              (12 damage)
             ... on level 3 of the Dungeon.
             The game lasted 00:04:10 (817 turns).

tyrsky the Ruffian (Naga Transmuter)                 Turns: 817, Time: 00:04:10

Health: -8/31      AC:  2    Str: 13    XL:     3   Next: 12%
Magic:  2/6        EV: 10    Int: 13    God:
Gold:   149        SH:  0    Dex: 11    Spells: 3 memorised, 0 levels left

rFire  . . .     SeeInvis +       - Unarmed
rCold  . . .     Gourm    .     b - +0 robe
rNeg   . . .     Faith    .     (no shield)
rPois  +         Spirit   .     (no helmet)
rElec  .         Dismiss  .     (no cloak)
rCorr  .         Reflect  .     (no gloves)
SustAt .         Harm     .     (no barding)
MR     .....                    (no amulet)
Stlth  ++........               (no ring)
                                (no ring)

@: very slightly contaminated, very slow, not resistant to hostile enchantments,
unstealthy
A: see invisible, deformed body, poison resistance, slowness 2, slow metabolism
1, spit poison 2, AC +1
a: Spit Poison


You were on level 3 of the Dungeon.
You were not hungry.

You visited 1 branch of the dungeon, and saw 3 of its levels.

You collected 149 gold pieces.

Inventory:

Missiles
 a - 38 arrows
Armour
 b - a +0 robe (worn)
Scrolls
 e - 4 scrolls of identify {unknown}
 f - 2 scrolls of recharging {unknown}
 i - a scroll of fear {unknown}
 l - a scroll of enchant armour {unknown}
 n - a scroll of random uselessness {unknown}
Potions
 h - a potion of haste {unknown}
 k - a potion of brilliance {unknown}
 m - a potion of degeneration {unknown}
Books
 c - a book of Changes

   Spells                             Type                      Level
   a - Beastly Appendage              Transmutation                1
   b - Sticks to Snakes               Transmutation                2
   c - Spider Form                    Transmutation/Poison         3
   d - Ice Form                       Ice/Transmutation            4
   e - Blade Hands                    Transmutation                5
Comestibles
 d - 2 bread rations
 g - 2 beef jerkies
 j - a slice of pizza


   Skills:
 - Level 1.0 Fighting
 - Level 1.5 Dodging
 + Level 2.7 Stealth
 + Level 3.2 Unarmed Combat
 - Level 2.0 Spellcasting
 + Level 2.6 Transmutations


You couldn't memorise any spells.
You knew the following spells:

 Your Spells              Type           Power        Failure   Level  Hunger
a - Beastly Appendage     Tmut           #.....       10%         1    ##.....
b - Sticks to Snakes      Tmut           #.......     14%         2    ###....
c - Spider Form           Tmut/Pois      #.........   52%         3    ####...


Dungeon Overview and Level Annotations

Branches:
Dungeon (3/15)

Altars:


Innate Abilities, Weirdness & Mutations

You cannot wear boots.
Your serpentine skin is tough. (AC +1)
You have supernaturally acute eyesight. (SInv)
Armour fits poorly on your strangely shaped body.
Your system is resistant to poisons. (rPois)
You cover ground very slowly.
You have a slow metabolism.
You can spit poison.


Message History

Casting: Beastly Appendage
Confirm with . or Enter, or press ? or * to list all spells.
You miscast Sticks to Snakes.
You are very lightly contaminated with residual magic.
Strange energies run through your body.
Casting: Sticks to Snakes
Confirm with . or Enter, or press ? or * to list all spells.
You create a snake!
You now have 38 arrows.
The orc closely misses you.
You have got your breath back.
The orc priest mumbles some strange prayers to Beogh against you.
Beogh smites you!
* * * LOW HITPOINT WARNING * * *
You swap places.
Your ball python barely misses the orc.
Your ball python grabs the orc.
Your ball python constricts the orc.
The orc hits your ball python with a flail.
Your ball python bites the orc.
Your ball python constricts the orc.
An orc comes into view. It is wielding a flail.
The orc priest calls down the wrath of Beogh upon you.
Beogh smites you!
You die...

#.#. #. #.#.#. #. #.....
#+## # ##...## ##...## #
##.....## ##.....## #
#.......###.......###
####......###.........##
#.........†.'.........+.
##.#.N.####.........##
#..## ##.......# #S##
##.....## #o# ##...##
#o# ##'## .o# #.# .###
#.# #. #####.### #
#.......#


You could see an orc priest, 2 orcs and a friendly ball python.

Vanquished Creatures
  An adder (D:3)
  A dart slug (D:1)
  A giant cockroach (D:3)
  A hobgoblin (D:1)
  4 kobolds
  3 bats
  A giant newt (D:2)
  4 goblins
  3 rats
19 creatures vanquished.

Notes
Turn   | Place    | Note
--------------------------------------------------------------
     0 | D:1      | tyrsky the Naga Transmuter began the quest for the Orb.
     0 | D:1      | Reached XP level 1. HP: 18/18 MP: 3/3
   334 | D:1      | Reached skill level 1 in Stealth
   359 | D:1      | Reached XP level 2. HP: 15/25 MP: 5/5
   419 | D:2      | Learned a level 2 spell: Sticks to Snakes
   801 | D:3      | Reached XP level 3. HP: 15/31 MP: 6/6
   806 | D:3      | Learned a level 3 spell: Spider Form
   817 | D:3      | Killed from afar by an orc priest

Vault maps used:
D:1:      lemuel_arrival_tunnels, evilmike_ruin_ashenzari
D:3:      nicolae_overflow_crystal_walls, first_bread

Skill      XL: |  1  2 |
---------------+-------+-----
Stealth        | 1 2 |  2.7
Fighting       | |  1.0
Dodging        | |  1.5
Unarmed Combat | |  3.2
Spellcasting   | |  2.0
Transmutations | |  2.6

Action                   || total
-------------------------++-------
Melee: Unarmed           ||    60
 Cast: Beastly Appendage ||     1
       Sticks to Snakes  ||     1
 Abil: Spit Poison       ||     6
 Stab: Sleeping          ||     4
Armor: Robe              ||     7
Dodge: Dodged            ||    35
